 Dungeon Crawl Stone Soup version 0.30-a0-578-gdee14c521f (webtiles) character file.

Game seed: 14832283761353189115

2528 Anon1729 the Carver (level 9, -1/63 HPs)
             Began as a Merfolk Monk on Dec 31, 2022.
             Was a Believer of Hepliaklqana.
             Killed by divine providence
             ... invoked by an orc priest
              (14 damage)
             ... on level 8 of the Dungeon.
             The game lasted 00:14:48 (10370 turns).

Anon1729 the Carver (Merfolk Monk)                 Turns: 10370, Time: 00:14:49

Health: -1/63      AC:  3    Str: 11    XL:     9   Next: 54%
Magic:  9/9        EV: 22    Int: 10    God:    Hepliaklqana [**....]
Gold:   344        SH:  0    Dex: 20    Spells: 8/8 levels left

rFire   . . .      SeeInvis +    A - +3 scimitar
rCold   . . .      Faith    .    (no shield)
rNeg    . . .      Spirit   .    e - +0 leather armour
rPois   .          Reflect  .    (no helmet)
rElec   .          Harm     .    (no cloak)
rCorr   .          Rampage  .    (no gloves)
Will    .....                    (no boots)
Stlth   ++++                     (no amulet)
HPRegen 0.30/turn                l - ring of see invisible
MPRegen 0.11/turn                s - +5 ring of evasion

@: no status effects
A: reduced essence, (nimble swimmer 2), mertail
a: Renounce Religion, Recall Ancestor, Ancestor Identity


You were on level 8 of the Dungeon.
You worshipped Hepliaklqana.
Hepliaklqana was pleased with you.
You visited 2 branches of the dungeon, and saw 9 of its levels.

You collected 554 gold pieces.
You spent 210 gold pieces at shops.

Inventory:

Hand Weapons
 a - a +0 spear
 p - a +0 falchion
 u - a +3 vampiric spear
 A - a +3 scimitar (weapon)
Missiles
 v - 7 poisoned darts (quivered)
Armour
 b - a +0 robe
 e - a +0 leather armour (worn)
 j - an orb of energy
Jewellery
 l - a ring of see invisible (left hand)
 s - a +5 ring of evasion (right hand)
Wands
 t - a wand of roots (2)
Scrolls
 c - 2 scrolls of noise
 d - 2 scrolls of identify
 f - a scroll of fog
 g - 6 scrolls of teleportation
 m - 2 scrolls of silence
 n - 2 scrolls of enchant weapon
 o - a scroll of blinking
 q - a scroll of enchant armour
 x - a scroll of fear {unknown}
 y - a scroll of immolation
Potions
 h - a potion of resistance {unknown}
 i - 2 potions of cancellation
 k - a potion of curing
 r - a potion of berserk rage {unknown}
 z - a potion of might {unknown}


   Skills:
 + Level 6.7 Fighting
 * Level 9.1 Long Blades
 - Level 4.5 Polearms
 + Level 8.1 Dodging
 + Level 6.8 Stealth
 + Level 2.9 Evocations


You had 8 spell levels left.
You didn't know any spells.
Your spell library contained the following spells:

 Spells                   Type           Power      Damage    Failure   Level
 Beastly Appendage        Tmut           0%         N/A       45%         1
 Ensorcelled Hibernation  Hex/Ice        0%         N/A       58%         2
 Passwall                 Tmut/Erth      0%         N/A       58%         2
 Wereblood                Tmut           0%         N/A       58%         2
 Inner Flame              Hex/Fire       0%         N/A       83%         3
 Spider Form              Tmut/Pois      0%         N/A       83%         3
 Swiftness                Air            0%         N/A       83%         3
 Flame Wave               Conj/Fire      0%         2d4       99%         4
 Sticky Flame             Conj/Fire      0%         2d3       99%         4


Dungeon Overview and Level Annotations

Branches:
Dungeon (7/15)             Temple (1/1) D:7

Altars:
Ashenzari
Cheibriados
Dithmenos
Elyvilon
Fedhas
Gozag
Hepliaklqana
Kikubaaqudgha
Makhleb
Nemelex Xobeh
Okawaru
Qazlal
Ru
Sif Muna
Uskayaw
Vehumet
Wu Jian
Xom
Yredelemnul
Zin
The Shining One

Shops:
D:7 *

Portals:
Bailey: D:8

Annotations:
D:3 3 runed translucent doors, hollybug's ghost, weakling OpTm


Innate Abilities, Weirdness & Mutations

Your life essence is reduced to manifest your ancestor. (-10% HP)
((You are very nimble when in or above water. (Stealth+, EV+, Speed+++)))
Your lower body shifts to a powerful aquatic tail in water.


Message History

You kill the goblin!
You hear a splash.
The goblin closely misses you. x2
The white imp gestures at you. The puff of frost misses you.
The orc wizard casts a spell at you. The magic dart hits you!
The orc priest closely misses you.
Dube points at the orc wizard and mumbles some strange words.
The puff of frost hits the orc wizard.
You closely miss the orc wizard. The goblin closely misses you.
The orc wizard gestures wildly while chanting.
The orc wizard flickers and vanishes for a moment.
The orc wizard barely misses you. The white imp gestures at you.
The puff of frost hits you. The goblin completely misses you.
The orc wizard points at you and mumbles some strange words.
The magic dart hits you.
The orc priest hits you with a +0 hand axe.
Dube hits the orc wizard with a +0 quarterstaff!
The orc wizard closely misses you.
As you read the scroll labelled ECOTRE PYMANT, it crumbles to dust.
You feel aware of your surroundings.
You sensed 1 shop/portal.
It was a scroll of magic mapping.
The goblin barely misses you.
The goblin hits you from afar with a +0 spear.
The orc wizard hits you but does no damage.
The orc priest hits you with a +0 hand axe.
The orc wizard casts a spell at you. The magic dart hits you!
* * * LOW HITPOINT WARNING * * *
Dube closely misses the orc wizard.
Blink to where?
Press: ? - help, Dir - move target
As you read the scroll of blinking, it crumbles to dust.
The goblin misses you.
The orc wizard gestures wildly while chanting.
The orc wizard flickers and vanishes for a moment.
The goblin closely misses you. The goblin hits you but does no damage.
The orc priest calls down the wrath of Beogh upon you.
Beogh smites you!
You die...

,,*,,,##.#.........#*..,,,,,,,,,,
,***,,#............#....*,,,,,**,
,,***....##.....D.......,,,,*,***
,,**#.....#..R.........,,,,,,,*
,,,,...#..##..o#o....#,,,,,,,,***
,,,....$.,,#.oo§.....#,,,,,∩,,,,,
,,,,.o,,,..#..≈≈o≈≈..#,**,,,,,,,,
,,,,,,*,.....o5gg.≈..#..*,,,*,,,,
,,,,,**,....#.≈g@.≈....#*,,,,,,,,
**,,,,,.>...#.≈...≈..$.#*,,,*,,,,
**,,,,,.....#.≈≈≈≈≈...##,,,,*****
***,,,#.#...$..o...###***,,***
**,,*,#..........# *,,,,*
*****###.##....^# *,,*,*
#.,...#### ****,*** #**#.## *,,,*
*** ***,,


You could see the friendly Dube the battlemage, an acid dragon, an orc priest, 4
orc wizards, a white imp, 2 orcs and 3 goblins.

Vanquished Creatures
  4 water moccasins
  An orc warrior (D:7)
  3 black bears (D:5)
  An ogre (D:4)
  A centaur (D:7)
  A gnoll sergeant (D:4)
  4 scorpions
  A wight (D:7)
  4 killer bees (D:7)
  2 jellies
  An orc priest (D:5)
  2 hounds
  5 iguanas (D:5)
  7 orc wizards
  9 gnolls
  7 adders
  4 white imps
  4 ufetubi (D:5)
  2 worms
  6 dart slugs
  20 orcs
  7 ball pythons
  4 bats
  4 endoplasms
  2 giant cockroaches
  6 goblins
  3 hobgoblins
  5 quokkas
  6 frilled lizards
  13 kobolds
  4 rats
143 creatures vanquished.

Vanquished Creatures (collateral kills)
  2 wights (D:7)
  3 killer bees (D:7)
  An iguana (D:7)
  2 orcs
8 creatures vanquished.

Vanquished Creatures (others)
  An adder (D:6)
  A fungus (D:6)
2 creatures vanquished.

Grand Total: 153 creatures vanquished

Notes
Turn   | Place    | Note
-------+----------+-------------------------------------------
     0 | D:1      | Anon1729 the Merfolk Monk began the quest for the Orb.
     0 | D:1      | Reached XP level 1. HP: 18/18 MP: 1/1
    73 | D:1      | Reached skill level 1 in Long Blades
    73 | D:1      | Reached XP level 2. HP: 21/24 MP: 2/2
   459 | D:1      | Reached XP level 3. HP: 21/29 MP: 3/3
   720 | D:1      | Reached skill level 2 in Long Blades
  1382 | D:2      | Reached XP level 4. HP: 34/37 MP: 4/4
  2167 | D:3      | Found a radiant altar of Vehumet.
  2239 | D:3      | Found a runed translucent gate.
  2239 | D:3      | Found a runed translucent gate.
  2242 | D:3      | Noticed hollybug's ghost (weakling OpTm)
  2243 | D:3      | Found a runed translucent gate.
  2243 | D:3      | Identified the +0 leather armour "Ytuas" {Harm Dex+6 SInv
                  | Stlth-}
  2771 | D:3      | Reached skill level 3 in Long Blades
  3202 | D:4      | Reached XP level 5. HP: 42/42 MP: 5/5
  3373 | D:4      | Noticed an ogre
  3426 | D:5      | Entered Level 5 of the Dungeon
  3609 | D:5      | Reached skill level 5 in Dodging
  3689 | D:5      | Noticed a black bear
  3690 | D:5      | Noticed a black bear
  3710 | D:5      | Killed a black bear
  3711 | D:5      | Reached skill level 4 in Long Blades
  3711 | D:5      | Reached XP level 6. HP: 45/49 MP: 6/6
  3726 | D:5      | Killed a black bear
  4035 | D:5      | Reached skill level 5 in Long Blades
  4084 | D:5      | Reached XP level 7. HP: 48/55 MP: 7/7
  4892 | D:5      | Reached skill level 5 in Fighting
  5365 | D:6      | Noticed a steam dragon
  5520 | D:5      | Reached skill level 6 in Long Blades
  5778 | D:5      | Found a snail-covered altar of Cheibriados.
  5797 | D:5      | Reached skill level 5 in Stealth
  5797 | D:5      | Reached XP level 8. HP: 26/62 MP: 8/8
  6315 | D:5      | Reached skill level 7 in Long Blades
  7223 | D:4      | HP: 2/64 [gnoll sergeant/+3 vampiric spear (6)]
  8185 | D:6      | Found a glowing golden altar of the Shining One.
  8209 | D:6      | Reached skill level 1 in Evocations
  8341 | D:6      | Found a shadowy altar of Dithmenos.
  9209 | D:6      | Reached skill level 8 in Long Blades
  9442 | D:7      | Reached XP level 9. HP: 51/69 MP: 9/9
  9631 | D:7      | Found Voireogg's General Store.
  9641 | D:7      | Bought a scroll of noise for 15 gold pieces
  9641 | D:7      | Bought 3 scrolls of identify for 90 gold pieces
  9641 | D:7      | Bought a scroll of teleportation for 45 gold pieces
  9641 | D:7      | Bought a scroll of immolation for 60 gold pieces
  9660 | D:7      | Found a staircase to the Ecumenical Temple.
  9741 | Temple   | Entered the Ecumenical Temple
  9993 | Temple   | Became a worshipper of Hepliaklqana the Forgotten
  9993 | Temple   | Reached * piety under Hepliaklqana
  9993 | Temple   | Reached ** piety under Hepliaklqana
  9994 | Temple   | Remembered your ancestor Dube as a battlemage
 10054 | D:7      | Found a sacrificial altar of Ru.
 10244 | D:7      | Reached skill level 9 in Long Blades
 10316 | D:7      | You fall into a shaft and drop 1 floor!
 10361 | D:8      | Found a flagged portal.
 10370 | D:8      | Killed from afar by an orc priest

Illustrated notes

Levels and vault maps discovered:
D:1:      tarquinn_simple_flora_water_c, layout_basic, minmay_pentomino_u2
D:2:      layout_basic
D:3:      layout_basic, vehumet_crystals, biasface_ghost_orc_armoury
D:4:      layout_basic
D:5:      lemuel_ice_spiral_2, layout_basic, mainiacjoe_overflow_paths,
          minmay_increasing_density
D:6:      layout_loops_ring, nicolae_dithmenos_through_a_glass_darkly,
          mainiacjoe_overflow_boulevard, grunt_decor_clamped
D:7:      layout_basic, mainiacjoe_overflow_brackets,
          minmay_temple_entry_arrows, serial_shops, shop
D:8:      layout_cave_pools, enter_bailey_5, serial_shops, shop,
          nicolae_transporter_circle
Temple:   eino_temple_rhombus

Skill      XL: |  1  2  3  4  5  6  7  8  9 |
---------------+----------------------------+-----
Long Blades    | 1 2 3 4 5 6 8 9 |  9.1
Stealth        | 3 4 5 6 |  6.8
Fighting       | 4 5 6 |  6.7
Dodging        | 5 6 7 8 |  8.1
Evocations     | 1 2 |  2.9
Polearms       | |  4.5

Action                   |  1- 3 |  4- 6 |  7- 9 || total
-------------------------+-------+-------+-------++-------
Melee: Spear             |   152 |    74 |   223 ||   449
       Punch             |     1 |     1 |     3 ||     5
       Falchion          |       |   102 |   233 ||   335
       Tailslap          |       |       |     1 ||     1
       Scimitar          |       |       |    14 ||    14
Throw: Throwing net      |       |     1 |       ||     1
       Dart              |       |       |     6 ||     6
Invok: Recall Ancestor   |       |       |     1 ||     1
       Ancestor Life: Ba |       |       |     1 ||     1
Evoke: Wand              |       |       |    10 ||    10
  Use: Potion            |     1 |     8 |     1 ||    10
       Scroll            |       |       |     8 ||     8
 Stab: Sleeping          |    16 |     4 |     9 ||    29
       Held in net/web   |       |     2 |       ||     2
       Distracted        |       |       |     5 ||     5
Armor: Robe              |    21 |     9 |       ||    30
       Skin              |       |    86 |       ||    86
       Leather armour    |       |       |    37 ||    37
Dodge: Dodged            |    70 |   115 |   526 ||   711

Table legend: (Time is in decaauts)
 A = Elapsed time spent in this place.
 B = Non-inter-level travel time spent in this place.
 C = Inter-level travel time spent in this place.
 D = Time resting spent in this place.
 E = Time spent auto-exploring this place.
 F = Levels seen in this place.
 G = Mean time per level.
                   A        B        C        D        E       F      G
               +--------+--------+--------+--------+--------+-----+--------+
         Total |  10308 |   9894 |    414 |   2313 |   5597 |   9 | 1145.3 |
       Dungeon |  10040 |   9660 |    380 |   2272 |   5438 |   8 | 1255.0 |
        Temple |    267 |    233 |     34 |     41 |    159 |   1 |  267.0 |
               +--------+--------+--------+--------+--------+-----+--------+

Top non-repeatable levels by time:
     D:5: 2593 daAuts
     D:3: 1798 daAuts
     D:4: 1660 daAuts
     D:6: 1340 daAuts
     D:1: 1176 daAuts
     D:7: 720 daAuts
     D:2: 696 daAuts
  Temple: 267 daAuts
     D:8: 53 daAuts
